 Dungeon Crawl Stone Soup version 0.30.1-11-g7821555f0a (webtiles) character file.

Game seed: 3518862321452970756

107 SacredBeard the Grave Robber (level 4, 0/30 (32) HPs)
             Began as a Demonspawn Necromancer on Nov 27, 2023.
             Slain by a hell rat (1 damage)
             ... in a sewer.
             The game lasted 00:05:33 (2654 turns).

SacredBeard the Grave Robber (DsNe)                 Turns: 2654, Time: 00:05:33

HP:   0/30 (32)     AC:  9    Str:  9    XL:     4   Next: 56%
MP:   7/7           EV: 12    Int: 18    God:
Gold: 169           SH:  0    Dex: 13    Spells: 6/7 levels left

rFire   . . .        e - +0 short sword
rCold   . . .        (no shield)
rNeg    . . .        a - +0 robe
rPois   +            (helmet restricted)
rElec   .            l - +0 cloak
rCorr   .            (no gloves)
SInv    .            (no boots)
Will    .....        (no amulet)
Stlth   ++           h - ring of poison resistance
HPRegen 0.25/turn    (no ring)
MPRegen 0.10/turn

%: no passive effects
@: sanguine armoured, drained
A: horns 1, sanguine armour 1
a: no special abilities


You were in a sewer.
You visited 1 branch of the dungeon, and saw 3 of its levels.
You also visited: Sewer.

You collected 169 gold pieces.

Inventory:

Hand Weapons
 e - a +0 short sword (weapon)
Missiles
 d - 15 stones
Armour
 a - a +0 robe (worn)
 l - a +0 cloak (worn)
Jewellery
 h - a ring of poison resistance (left hand)
Scrolls
 j - a scroll of vulnerability {unknown}
 k - 2 scrolls of fear {unknown}
 n - a scroll of magic mapping {unknown}
 p - 2 scrolls of identify {unknown}
 q - a scroll of enchant weapon {unknown}
Potions
 b - a potion of magic
 c - a potion of invisibility {unknown}
 f - 3 potions of curing {unknown}
 g - a potion of degeneration {unknown}
 i - 2 potions of haste {unknown}
 m - a potion of lignification {unknown}
 o - a potion of cancellation {unknown}


   Skills:
 + Level 1.2 Fighting
 + Level 1.0 Throwing
 + Level 1.1 Armour
 - Level 2.0 Dodging
 + Level 2.3 Stealth
 - Level 2.0 Spellcasting
 * Level 5.1 Necromancy
 + Level 1.3 Evocations


You had 6 spell levels left.
You knew the following spells:

 Your Spells              Type           Power      Damage    Failure   Level
a - Necrotise             Necr           80%        1d8       2%          1

Your spell library contained the following spells:

 Spells                   Type           Power      Damage    Failure   Level
 Vampiric Draining        Necr           20%        2d7       7%          3
 Animate Dead             Necr           20%        N/A       22%         4
 Blink                    Tloc           2%         N/A       26%         2
 Agony                    Necr           20%        N/A       52%         5
 Manifold Assault         Tloc           1%         N/A       87%         4
 Conjure Ball Lightning   Conj/Air       0%         3x3d6     100%        6
 Storm Form               Tmut/Air       0%         N/A       100%        7
 Discord                  Hex            0%         N/A       100%        8
 Disjunction              Tloc           0%         N/A       100%        8


Dungeon Overview and Level Annotations

Branches:
Dungeon (3/15) Zot: 15500   Sewer (1/1) Zot: 5833

Altars:


Innate Abilities, Weirdness & Mutations

You have a pair of small horns on your head.
When seriously injured, your blood forms armour. (AC +6)


Message History

You open the door.
A hell rat comes into view.
The hell rat roars deafeningly!
A rat comes into view.
Found six items.
Found a gate leading back out of this place.
You closely miss the hell rat. The hell rat barely misses you.
You closely miss the hell rat. The hell rat bites you!
You feel drained.
Your blood congeals into armour.
You hit the hell rat but do no damage. The hell rat closely misses you.
The hell rat completely misses you.
You hit the hell rat but do no damage. The hell rat bites you.
You hit the hell rat but do no damage.
You headbutt the hell rat, but do no damage.
The hell rat closely misses you.
You hit the hell rat but do no damage.
The hell rat bites you but does no damage.
You closely miss the hell rat.
The hell rat bites you but does no damage.
You hit the hell rat. Your headbutt misses the hell rat.
The hell rat is lightly wounded.
The hell rat bites you! The hell rat misses you.
The rat twitches its whiskers.
The hell rat attacks as you move away! The hell rat barely misses you.
You enter the shallow water.
Moving in this stuff is going to be slow.
A rat comes into view.
You hit the hell rat but do no damage. Your headbutt misses the hell rat.
The hell rat is lightly wounded.
The hell rat closely misses you.
You hit the hell rat. You headbutt the hell rat.
The hell rat is heavily wounded.
The hell rat splashes around in the water.
The hell rat bites you but does no damage.
You hit the hell rat but do no damage. Your headbutt misses the hell rat.
The hell rat is heavily wounded.
The rat bites you. The hell rat bites you!
* * * LOW HITPOINT WARNING * * *
You feel drained.
You die...

#########
###.~~~~.~###
###.....†...~.#
#~...~##'##~~~.~
##...###~~.# ~~~
#~rr## ~~~~~~ r
#..@# ..~~~.~~ .
#~~r##~((!!$~##..
##~.~###!∩!###..~
#.~.~~#####..~..
###~~..~∩~~~~.#
###.~.∩~~.##
#########


You could see a hell rat and 2 rats.

Vanquished Creatures
  2 adders
  A river rat (Sewer)
  2 worms
  7 bats
  5 endoplasms
  3 giant cockroaches
  7 goblins
  3 hobgoblins
  6 jackals
  8 kobolds
  2 quokkas (D:3)
  3 ball pythons
  7 rats
56 creatures vanquished.

Vanquished Creatures (collateral kills)
  A river rat (Sewer)
  A quokka (D:3)
  A rat (D:3)
3 creatures vanquished.

Grand Total: 59 creatures vanquished

Notes
Turn   | Place    | Note
-------+----------+-------------------------------------------
     0 | D:1      | SacredBeard the Demonspawn Necromancer began the quest for
                  | the Orb.
     0 | D:1      | Reached XP level 1. HP: 13/13 MP: 3/3
     6 | D:1      | Noticed an ettin
     6 | D:1      | Noticed an imperial myrmidon
     6 | D:1      | Noticed a tyrant leech
     6 | D:1      | Noticed an iguana
   150 | D:1      | Gained mutation: When seriously injured, your blood forms
                  | armour. (AC +6) [demonic ancestry]
   150 | D:1      | Reached XP level 2. HP: 18/19 MP: 0/5
  1209 | D:2      | Reached XP level 3. HP: 25/25 MP: 3/6
  1803 | D:2      | Reached skill level 1 in Evocations
  2015 | D:2      | Reached skill level 1 in Armour
  2212 | D:3      | Reached skill level 1 in Fighting
  2357 | D:3      | Reached skill level 5 in Necromancy
  2359 | D:3      | Gained mutation: You have a pair of small horns on your
                  | head. [demonic ancestry]
  2359 | D:3      | Reached XP level 4. HP: 32/32 MP: 3/7
  2479 | D:3      | Found a glowing drain.
  2492 | Sewer    | Entered a sewer
  2569 | Sewer    | Reached skill level 1 in Throwing
  2654 | Sewer    | HP: 1/31 [hell rat (11)]
  2654 | Sewer    | Slain by a hell rat

Illustrated notes

Levels and vault maps discovered:
D:1:      onia_arrival_zoo_common, layout_basic
D:2:      layout_basic, chequers_serial_rivers_marsh, supply_closet_lemuel
D:3:      layout_basic, mainiacjoe_overflow_chevrons,
          grunt_temple_overflow_open, portal_sewer_entry_f, uniq_grinder
Sewer:    sewer_hellmonk_bad_rat

Skill      XL: |  1  2  3  4 |
---------------+-------------+-----
Stealth        | 2 |  2.3
Dodging        | 2 |  2.0
Evocations     | 1 |  1.3
Armour         | 1 |  1.1
Fighting       | 1 |  1.2
Necromancy     | 5 |  5.1
Throwing       | 1 |  1.0
Spellcasting   | |  2.0

Action                     |  1- 3 |  4- 6 || total
---------------------------+-------+-------++-------
  Melee: Dagger            |     6 |       ||     6
         Short sword       |    21 |    15 ||    36
         Punch             |     2 |       ||     2
         Headbutt          |       |     2 ||     2
  Throw: Stone             |     1 |       ||     1
   Cast: Necrotise         |    82 |    18 ||   100
 Armour: Robe              |    12 |     4 ||    16
  Dodge: Dodged            |    19 |    12 ||    31
